AoeStats
← Rads201

Arena

505172530Analyzed
3v3 RM · 25d ago on Sep 8, 2026· 40m 38s· 6 players
Game mode
Random Map
Map size
Normal (6 player)
Population
200
Speed
Normal
Resources
Standard
Victory
Conquest
Starting age
Dark Age
Ending age
Imperial Age
RankedLock teamsTeams togetherTeam positionsShared explorationLock speedFull tech treeHidden civsTurbo modeCheats
Victory
Defeat
🇺🇸 Spanish · United States
891
+14
🇺🇸 Inca · United States
891
+14
🇺🇸 Britons · United States
891
+14
🇨🇴 Armenians · Colombia
850
-14
🇲🇽 Sicilians · Mexico
841
-15
🇺🇸 Persians · United States
831
-13
mrusuario0001
11:56 Feudal Age
13:15 Wheelbarrow
12:28 Double-Bit Axe
15:03 Gold Mining
18:54 Castle Age
17:38 Horse Collar
19:08 Loom
20:01 Hand Cart
20:03 Bow Saw
24:08 Heavy Plow
24:48 Caravan
25:14 Crossbowman
26:11 Padded Archer Armor
27:05 Gold Shaft Mining
28:30 Fletching
31:07 Fervor
36:11 Imperial Age
33:47 Stone Mining
36:14 Bodkin Arrow
37:26 Capped Ram
38:50 Stone Shaft Mining
39:05 Conscription
kaiju
5:10 Loom
10:29 Feudal Age
11:12 Double-Bit Axe
16:16 Castle Age
14:49 Horse Collar
17:31 Wheelbarrow
17:38 Bow Saw
18:05 Heavy Plow
19:49 Gold Mining
20:42 Elite Skirmisher
22:13 Gold Shaft Mining
21:59 Stone Mining
22:36 Fletching
23:14 Padded Archer Armor
23:20 Crossbowman
25:08 Bodkin Arrow
26:21 Leather Archer Armor
27:06 Bloodlines
29:20 Forging
29:25 Thumb Ring
33:03 Imperial Age
32:10 Iron Casting
31:41 Scale Barding Armor
33:00 Cavalier
REYJAGUAR4660
1:51 Loom
10:53 Feudal Age
11:28 Double-Bit Axe
11:32 Horse Collar
13:02 Wheelbarrow
11:51 Man-at-Arms
12:53 Long Swordsman
16:25 Forging
16:34 Town Watch
18:03 Scale Mail Armor
18:54 Padded Archer Armor
18:53 Fletching
19:06 Arson
28:06 Castle Age
26:03 Pikeman
28:17 Two-Handed Swordsman
28:42 Gambesons
28:59 Squires
29:32 Heavy Plow
30:30 Leather Archer Armor
32:01 Chain Mail Armor
31:39 Elite Skirmisher
33:40 Masonry
35:03 Ballistics
36:11 Iron Casting
36:03 Bodkin Arrow
38:35 Bow Saw
Rads201
4:35 Loom
11:50 Feudal Age
13:44 Horse Collar
13:51 Double-Bit Axe
19:41 Castle Age
18:49 Forging
19:45 Scale Mail Armor
20:11 Stone Mining
26:21 Champi Runner
31:08 Heavy Plow
31:20 Bow Saw
31:02 Gold Mining
32:56 Fletching
33:58 Bodkin Arrow
38:41 Iron Casting
38:49 Gold Shaft Mining
38:31 Squires
38:36 Padded Archer Armor
38:52 Chain Mail Armor
43:48 Imperial Age
Leer
9:24 Loom
12:05 Feudal Age
13:20 Horse Collar
16:09 Castle Age
14:00 Double-Bit Axe
17:49 Heavy Plow
18:00 Bow Saw
19:02 Stone Mining
19:42 Town Watch
22:31 Fletching
22:43 Padded Archer Armor
25:52 Wheelbarrow
25:23 Bodkin Arrow
25:43 Leather Archer Armor
31:00 Imperial Age
28:27 Gold Mining
29:16 Forging
29:11 Scale Barding Armor
29:16 Forging
30:59 Careening
32:05 Bloodlines
31:56 Husbandry
32:23 Bracer
34:33 Iron Casting
34:18 Chain Barding Armor
35:22 Ballistics
37:34 Chemistry
36:10 Light Cavalry
37:47 Ring Archer Armor
37:30 Hussar
40:44 Stone Shaft Mining
39:55 Elite Conquistador
Yen466
2:58 Loom
11:33 Feudal Age
12:58 Double-Bit Axe
12:57 Horse Collar
18:02 Wheelbarrow
18:25 Fletching
18:36 Padded Archer Armor
23:31 Castle Age
23:49 Crossbowman
24:27 Bodkin Arrow
24:48 Leather Archer Armor
25:43 Heavy Plow
25:58 Bow Saw
31:02 Ballistics
33:46 Yeomen
39:29 Imperial Age
38:43 Hand Cart
40:28 Warwolf
41:48 Two-Man Saw
Connection lost

Rejoining the realm…

Still unreachable

The connection could not be restored.

Session expired

The server has moved on; the page needs a fresh start.